 Dungeon Crawl Stone Soup version 0.22.1-1-ga44c0e5 (webtiles) character file.

28 Heatsaber the Magician (level 3, 0/16 HPs)
             Began as a Vine Stalker Wizard on Sept 26, 2018.
             Slain by an adder (1 damage)
             ... on level 2 of the Dungeon.
             The game lasted 00:08:15 (1282 turns).

Heatsaber the Magician (Vine Stalker Wizard)        Turns: 1282, Time: 00:08:15

Health: 0/16       AC:  4    Str:  9    XL:     3   Next: 12%
Magic:  0/9        EV: 11    Int: 19    God:
Gold:   15         SH:  0    Dex: 12    Spells: 1/9 levels left

rFire    . . .     SeeInvis .   c - +0 club
rCold    . . .     Gourm    .   (no shield)
rNeg     . . .     Faith    .   e - +0 leather armour
rPois    .         Spirit   +   g - +0 helmet
rElec    .         Reflect  .   (no cloak)
rCorr    .         Harm     .   (no gloves)
MR       .....                  (no boots)
Stlth    ++........             (no amulet)
HPRegen  0.05/turn              (no ring)
MPRegen  0.11/turn              (no ring)

@: lethally poisoned (0 -> -3), very slightly contaminated
A: fangs 2, magic shield, antimagic bite, no potion heal 3, rot immunity
a: no special abilities


You were on level 2 of the Dungeon.
You were not hungry.

You visited 1 branch of the dungeon, and saw 2 of its levels.

You collected 15 gold pieces.

Inventory:

Hand Weapons
 c - a +0 club (weapon)
Armour
 a - a +0 robe
 b - a +0 hat
 e - a +0 leather armour (worn)
 f - a +0 cloak
 g - a +0 helmet (worn)
Comestibles
 d - a ration


   Skills:
 + Level 0.4 Armour
 - Level 1.8 Dodging
 - Level 2.6 Stealth
 - Level 0.4 Unarmed Combat
 + Level 3.7 Spellcasting
 + Level 1.4 Conjurations
 - Level 1.0 Summonings
 - Level 1.0 Translocations


You had one spell level left.
You knew the following spells:

 Your Spells              Type           Power        Failure   Level  Hunger
a - Magic Dart            Conj           #...         11%         1    None
b - Blink                 Tloc           N/A          19%         2    ##.....
c - Call Imp              Summ           #.......     19%         2    ##.....
d - Mephitic Cloud        Conj/Pois/Air  #.......     43%         3    ###....

Your spell library contained the following spells:

 Spells                   Type           Power        Failure   Level  Hunger
 Slow                     Hex            #.......     28%         2    ##.....
 Conjure Flame            Conj/Fire      #.......     41%         3    ###....


Dungeon Overview and Level Annotations

Branches:
Dungeon (2/15)

Altars:


Innate Abilities, Weirdness & Mutations

You have extremely sharp teeth.
When hurt, damage is shared between your health and your magic reserves.
Your bite disrupts and absorbs the magic of your enemies.
Potions cannot restore your health.
You are immune to rotting.


Message History

The kobold closely misses you. The adder bites you but does no damage.
The kobold completely misses you.
You hit the kobold.
You kill the kobold!
The adder misses you. The adder closely misses you.
The adder bites you but does no damage.
You closely miss the adder. You bite the adder, but do no damage.
The adder bites you.
* * * LOW HITPOINT WARNING * * *
You are lethally poisoned!
The adder poisons you! The adder barely misses you.
The adder bites you but does no damage. The adder closely misses you.
You barely miss the adder.
* * * LOW HITPOINT WARNING * * *
You feel sick. The adder closely misses you. The adder bites you.
* * * LOW HITPOINT WARNING * * *
The adder barely misses you.
You closely miss the adder. The adder barely misses you.
The adder bites you but does no damage. The adder bites you.
You die...

.. .. #.# . . .<.
.##. .. .....
..#. #.. ##S#
.#@# # ####
##.#S# #.#...
.....#
...###..###
####..##..#
#.....##..# ..
#.#....#..###....
#..#...........
##......#.....


You could see 2 adders.

Vanquished Creatures
  A dart slug (D:1)
  4 bats (D:1)
  6 goblins (D:1)
  3 hobgoblins (D:1)
  A jackal (D:1)
  3 kobolds
  A ball python (D:1)
  A frilled lizard (D:1)
  2 rats (D:1)
22 creatures vanquished.

Notes
Turn   | Place    | Note
-------+----------+-------------------------------------------
     0 | D:1      | Heatsaber the Vine Stalker Wizard began the quest for the
                  | Orb.
     0 | D:1      | Reached XP level 1. HP: 9/9 MP: 5/5
   216 | D:1      | Reached XP level 2. HP: 12/13 MP: 1/7
  1021 | D:1      | Reached XP level 3. HP: 16/16 MP: 6/9
  1025 | D:1      | Learned a level 2 spell: Blink
  1028 | D:1      | Learned a level 2 spell: Call Imp
  1032 | D:1      | Learned a level 3 spell: Mephitic Cloud
  1282 | D:2      | Slain by an adder

Action                   || total
-------------------------++-------
Melee: Unarmed           ||     7
       Bite              ||    11
       Club              ||    34
 Cast: Magic Dart        ||    40
       Blink             ||     2
       Call Imp          ||     1
 Stab: Sleeping          ||     1
  Eat: Chunk             ||     1
Armor: Robe              ||     5
       Leather armour    ||    12
Dodge: Dodged            ||    43
